 Dungeon Crawl Stone Soup version 0.29.1-15-g9cfb28693d (webtiles) character file.

Game seed: 9776050705335965631

110224 chaostorm the Severer (level 16, 0/154 HPs)
             Began as a Minotaur Fighter on Apr 3, 2023.
             Was the Champion of Okawaru.
             Slain by a large abomination (20 damage)
             ... on level 3 of the Abyss on Apr 5, 2023.
             The game lasted 03:39:51 (33938 turns).

chaostorm the Severer (Minotaur Fighter)           Turns: 33938, Time: 03:39:52

Health: 0/154      AC: 23    Str: 28 (29) XL:     16   Next: 6%
Magic:  15/15      EV:  9    Int:  5      God:    Okawaru [******]
Gold:   1353       SH:  8    Dex: 14      Spells: 15/15 levels left

rFire   + + .      SeeInvis +   a - +11 hand axe of Majestic Punishment {drain, rN+ Str+3 Int-2 Dex+3}
rCold   . . .      Faith    .   c - +0 buckler
rNeg    + . .      Spirit   .   p - +0 chain mail {rF+}
rPois   .          Reflect  .   s - +0 mask of the Dragon {Will+ Slay+3 SInv}
rElec   .          Harm     .   v - +0 cloak
rCorr   .          Rampage  .   y - +0 pair of gloves
Will    ++...                   u - +0 pair of boots
Stlth   ..........              k - amulet of the acrobat
HPRegen 0.00/turn               f - +4 ring of protection
MPRegen 0.14/turn               C - ring of protection from fire

@: sick, studying Polearms
A: horns 2, retaliatory headbutt
a: Renounce Religion, Heroism, Finesse, Duel


You were on level 3 of the Abyss.
You worshipped Okawaru.
Okawaru was exalted by your worship.
You visited 4 branches of the dungeon, and saw 23 of its levels.
You visited the Abyss 1 time.

You collected 2691 gold pieces.
You spent 1338 gold pieces at shops.

Inventory:

Hand Weapons
 a - the +11 hand axe of Majestic Punishment (weapon) {drain, rN+ Str+3 Int-2 Dex+3}
   (You found it on level 4 of the Dungeon)

   A truly terrible weapon, it drains the life of any living foe it strikes.
   Str:       It affects your strength (+3).
   Int:       It affects your intelligence (-2).
   Dex:       It affects your dexterity (+3).
   rN:        It protects you from negative energy.
 b - a +3 hand axe of flaming
 B - a +2 war axe of electrocution
 I - the +8 hand axe of Ascent {venom, Fragile Str+7 Int-3 Stlth+}
   (Okawaru gifted it to you on level 12 of the Dungeon)

   It poisons the flesh of those it strikes.
   Str:       It affects your strength (+7).
   Int:       It affects your intelligence (-3).
   Fragile:   It will be destroyed if unequipped.
   Stlth:     It makes you more stealthy.
 N - the +3 falchion of Dominance {antimagic, rF+ Int-4 Dex+3}
   (Okawaru gifted it to you on level 3 of the Abyss)

   It reduces the magical energy of the wielder, and disrupts the spells and
   magical abilities of those it strikes.
   Natural abilities and divine invocations are not affected.
   Int:       It affects your intelligence (-4).
   Dex:       It affects your dexterity (+3).
   rF:        It protects you from fire.
 Q - a +1 vampiric broad axe
Missiles
 i - a throwing net (quivered)
 E - 204 stones
 U - 3 silver javelins
Armour
 c - a +0 buckler (worn)
 p - a +0 chain mail of fire resistance (worn)
 s - the +0 mask of the Dragon (worn) {Will+ Slay+3 SInv}
   (You bought it in a shop on level 1 of the Orcish Mines)

   Slay:      It affects your accuracy & damage with ranged weapons and melee
   (+3).
   SInv:      It lets you see invisible.
   Will:      It increases your willpower.
 u - a +0 pair of boots (worn)
 v - a +0 cloak (worn)
 y - a +0 pair of gloves (worn)
 D - a +3 scale mail of poison resistance
 M - an orb of wrath
 O - a +2 chain mail of cold resistance
 Z - the +4 ice dragon scales "Bawnius" {rF- rC++ Str+4 Dex+4}
   (Okawaru gifted it to you on level 14 of the Dungeon)

   Str:       It affects your strength (+4).
   Dex:       It affects your dexterity (+4).
   rF:        It makes you vulnerable to fire.
   rC:        It greatly protects you from cold.
Jewellery
 f - a +4 ring of protection (left hand)
 h - a ring of fire
 k - an amulet of the acrobat (around neck)
 C - a ring of protection from fire (right hand)
 H - a ring of positive energy
 S - a ring of ice
 X - an amulet of guardian spirit
Wands
 m - a wand of digging (9)
 r - a wand of mindburst (29)
 x - a wand of light (5)
 K - a wand of flame (23)
 P - a wand of paralysis (13)
 R - a wand of polymorph (11)
 T - a wand of roots (2)
Scrolls
 l - 3 scrolls of magic mapping
 n - 2 scrolls of silence
 o - 6 scrolls of teleportation
 t - 3 scrolls of amnesia
 w - a scroll of enchant armour {unknown}
 z - 2 scrolls of brand weapon
 J - a scroll of blinking
 W - 3 scrolls of identify
 Y - a scroll of acquirement
Potions
 d - 7 potions of might
 e - 9 potions of curing
 g - 5 potions of haste
 j - 7 potions of brilliance
 q - 4 potions of magic
 A - a potion of flight
 F - a potion of mutation
 G - a potion of ambrosia
 L - 2 potions of cancellation
 V - 2 potions of lignification


   Skills:
 + Level 16.9 Fighting
 - Level 5.2 Long Blades
 + Level 19.3 Axes
 + Level 16.9 Armour
 + Level 16.8 Shields


You had 15 spell levels left.
You didn't know any spells.
Your spell library contained the following spells:

 Spells                   Type           Power      Damage    Failure   Level
 Slow                     Hex            0%         N/A       88%         1
 Static Discharge         Conj/Air       0%         3-3/arc   96%         2
 Sublimation of Blood     Necr           0%         N/A       96%         2
 Wereblood                Tmut           0%         N/A       96%         2
 Dazzling Flash           Conj/Hex       0%         N/A       99%         3
 Ozocubu's Armour         Ice            0%         N/A       99%         3
 Portal Projectile        Hex/Tloc       0%         N/A       99%         3
 Stone Arrow              Conj/Erth      0%         3d7       99%         3
 Dispel Undead            Necr           0%         3d6       100%        4
 Sticky Flame             Conj/Fire      0%         2d3       100%        4
 Borgnjor's Vile Clutch   Necr/Erth      0%         N/A       100%        5
 Yara's Violent Unravell  Hex/Tmut       0%         3d3       100%        5
 Ozocubu's Refrigeration  Ice            0%         4d7       100%        7
 Lehudib's Crystal Spear  Conj/Erth      0%         10d2      100%        8
 Animate Armour           Summ/Erth      Unusable   N/A       N/A         4
 Animate Dead             Necr           Unusable   N/A       N/A         4
 Death Channel            Necr           Unusable   N/A       N/A         6
 Summon Hydra             Summ           Unusable   N/A       N/A         7

Dungeon Overview and Level Annotations

Branches:
Dungeon (15/15) Zot: 25018  Temple (1/1) D:7 Zot: 5747    Lair (5/5) D:9 Zot: 20102
 Shoals (0/4) Lair:3       Spider (0/4) Lair:3        Slime (0/5) Lair:4
    Orc (2/2) D:11 Zot: 8772     Elf (0/3) Orc:2        Vaults (0/5) D:14
 Depths (0/4) D:15

Altars:
Ashenzari
Cheibriados
Dithmenos
Elyvilon
Fedhas
Gozag
Hepliaklqana
Kikubaaqudgha
Makhleb
Nemelex Xobeh
Okawaru
Qazlal
Ru
Sif Muna
Trog
Uskayaw
Vehumet
Wu Jian
Xom
Yredelemnul
Zin
The Shining One

Shops:
D:6 [   D:7 *   D:12 *[[[   D:13 ?[   Orc:1 [   Orc:2 **[(*

Annotations:
D:15 Agnes
Lair:3 1 runed translucent door, SgtHiss's ghost, journeyman NaFi


Innate Abilities, Weirdness & Mutations

You have a pair of horns on your head.
You reflexively headbutt those who attack you in melee.


Message History

You slice the large abomination!!
The large abomination is severely damaged.
You slash the large abomination! You slice the sixfirhy!!
You kill the sixfirhy!
Okawaru accepts your kill.
You hit the ancient zyme. x2
The large abomination barely misses you.
You furiously retaliate!
You headbutt the large abomination!
The ancient zyme hits you but does no damage.
The ancient zyme hits you.
* * * LOW HITPOINT WARNING * * *
You feel yourself growing ill in the presence of the ancient zyme.
You block the ancient zyme's attack.
The ancient zyme hits you but does no damage.
You hit the large abomination.
The large abomination is almost destroyed.
You slash the large abomination! You slash the ancient zyme! x2
The large abomination hits you!!
* * * LOW HITPOINT WARNING * * *
You slice the large abomination!!
You destroy the large abomination!
Okawaru accepts your kill.
You slash the ancient zyme! x2; You slash the large abomination!
The ancient zyme hits you but does no damage.
The ancient zyme barely misses you.
You feel ill.
The ancient zyme hits you but does no damage.
The ancient zyme barely misses you.
The large abomination closely misses you.
The ancient zyme attacks as you move away!
You block the ancient zyme's attack. The ancient zyme hits you!
* * * LOW HITPOINT WARNING * * *
You feel ill. The large abomination misses you.
You hit the large abomination.
The large abomination is almost destroyed.
You slash the ancient zyme!
The ancient zyme hits you but does no damage. x2
You hit the large abomination but do no damage.
The large abomination is almost destroyed.
You slash the ancient zyme! The large abomination hits you!!
You die...

..........♣.....##
.......@..♣N.....#
#...#..Xxx♣SNN....
# . #.#..S♣.......
..#.####...NS.....
. #..#...♣♣......
# .......... ....♣
X ## .........
♣♣♣♣ . ..
##..#........ .
##. ####.#[#..## #
# ###..### ## # #
.## .# # # . # # #
# # . ..


You could see 2 ancient zymes, a large abomination, a guardian serpent and a
naga.

Vanquished Creatures
  Jorgrun (D:12)
  Gastronok (Lair:1)
  The ghost of Alirepe the Champion of Chaos, a journeyman DsAr of Makhleb (D:14)
  An eidolon (Abyss:3)
  A fire dragon (Lair:5)
  Fannar (Lair:2)
  6 boulder beetles
  7 hydras
  5 ogre magi
  4 vault guards (D:14)
  Erica (D:8)
  8 centaur warriors
  13 two-headed ogres
  3 tengu warriors (D:14)
  2 death yaks (Lair:4)
  A vampire mage (Abyss:3)
  Urug (Lair:2)
  An orc high priest (Orc:2)
  Sonja (Lair:5)
  Nergalle (Lair:2)
  A skeletal warrior (D:15)
  2 fire crabs (Lair:5)
  A sixfirhy (Abyss:3)
  A flayed ghost (D:15)
  A wizard (D:15)
  An orc knight (Orc:1)
  4 deep elf pyromancers
  A necromancer (D:15)
  9 ugly things
  An orc sorcerer (Orc:1)
  4 manticores
  4 large abominations (Abyss:3)
  A salamander (shapeshifter) (D:13)
  12 elephants
  6 cyclopes
  A stone giant skeleton (Abyss:3)
  7 black mambas
  2 merfolk sirens (Lair:3)
  2 molten gargoyles (Lair:5)
  Joseph (D:9)
  2 torpor snails
  2 gargoyles (D:12)
  12 cane toads
  2 kobold demonologists
  A smoke demon (Abyss:3)
  Maggie (D:8)
  A freezing wraith (D:15)
  2 unseen horrors
  5 rime drakes
  A hellwing (Abyss:3)
  13 komodo dragons
  2 tengu conjurers (D:14)
  An ancient zyme (Abyss:3)
  8 trolls
  A hornet (shapeshifter) (D:15)
  A troll (shapeshifter) (D:14)
  2 polar bears (Lair:5)
  22 blink frogs
  A spriggan zombie (D:15)
  A hornet (Lair:3)
  A wolf spider simulacrum (D:15)
  6 dream sheep (Lair:4)
  Prince Ribbit (D:7)
  14 slime creatures
  3 wraiths
  2 vampires (D:11)
  45 yaks
  2 steam dragons (D:8)
  16 wyverns
  2 shadows (D:11)
  16 basilisks
  A ynoxinul (Abyss:3)
  2 redbacks (Lair:3)
  Menkaure (D:5)
  4 wargs
  4 vampire mosquitoes (D:11)
  An acid dragon (D:12)
  14 water moccasins
  4 hell hounds (Lair:5)
  27 orc warriors
  2 sky beasts (D:8)
  3 black bears
  23 ogres
  25 wolves
  7 centaurs
  2 kobold brigands
  A small abomination (Abyss:3)
  13 bullfrogs
  7 scorpions
  A gnoll sergeant (D:6)
  2 troll zombies (D:11)
  8 wights
  5 killer bees (D:9)
  5 howler monkeys
  2 lava snakes (Lair:5)
  2 jellies
  4 hounds
  4 gnoll boudas
  12 orc priests
  3 iguanas
  12 orc wizards
  17 hell rats (Lair:4)
  6 ogre zombies (D:11)
  7 adders
  18 gnolls
  A white imp (D:6)
  An ufetubus (D:6)
  4 worms
  4 dart slugs
  78 orcs
  4 ball pythons
  2 endoplasms
  2 giant cockroaches
  6 hobgoblins
  9 jackals
  23 kobolds
  4 quokkas
  2 bats
  9 frilled lizards
  7 goblins
  A goblin skeleton (D:11)
  2 goblin zombies (D:11)
  3 hobgoblin skeletons (D:11)
  3 hobgoblin zombies (D:11)
  An orc skeleton (D:11)
  14 orc zombies (D:11)
  3 rats (D:1)
  3 bushes
746 creatures vanquished.

Vanquished Creatures (others)
  47 fungi
  75 plants
  12 withered plants (D:15)
134 creatures vanquished.

Grand Total: 880 creatures vanquished

Notes
Turn   | Place    | Note
-------+----------+-------------------------------------------
     0 | D:1      | chaostorm the Minotaur Fighter began the quest for the Orb.
     0 | D:1      | Reached XP level 1. HP: 19/19 MP: 0/0
   335 | D:1      | Reached XP level 2. HP: 19/27 MP: 1/1
   837 | D:1      | Reached XP level 3. HP: 30/33 MP: 2/2
   935 | D:1      | Found a faded altar of an unknown god.
  2009 | D:3      | Reached XP level 4. HP: 41/41 MP: 3/3
  2083 | D:3      | Found an opulent altar of Gozag.
  2137 | D:3      | Found a glowing golden altar of the Shining One.
  3015 | D:3      | Reached XP level 5. HP: 36/47 MP: 4/4
  3470 | D:4      | Reached skill level 5 in Fighting
  3470 | D:4      | Reached skill level 5 in Armour
  3531 | D:4      | Identified the +11 hand axe of Majestic Punishment {drain,
                  | rN+ Str+3 Int-2 Dex+3}
  3608 | D:4      | Reached skill level 5 in Shields
  3608 | D:4      | Reached XP level 6. HP: 56/56 MP: 5/5
  3993 | D:5      | Entered Level 5 of the Dungeon
  4043 | D:5      | Found a snail-covered altar of Cheibriados.
  4157 | D:5      | Noticed Menkaure
  4162 | D:5      | Killed Menkaure
  4163 | D:5      | Reached skill level 5 in Long Blades
  4163 | D:5      | Reached XP level 7. HP: 44/62 MP: 6/6
  4380 | D:5      | Reached skill level 1 in Axes
  4702 | D:6      | Reached skill level 2 in Axes
  4716 | D:6      | Reached skill level 3 in Axes
  5020 | D:6      | Reached XP level 8. HP: 71/71 MP: 7/7
  5094 | D:6      | Reached skill level 4 in Axes
  5139 | D:6      | Noticed a kobold demonologist
  5146 | D:6      | Killed a kobold demonologist
  5147 | D:6      | Reached skill level 5 in Axes
  5291 | D:6      | Reached skill level 6 in Axes
  5545 | D:6      | Found Qohox's Armour Boutique.
  5552 | D:6      | Bought a +0 pair of boots for 49 gold pieces
  5552 | D:6      | Bought a +0 cloak for 49 gold pieces
  5854 | D:6      | Found a hide-covered altar of Uskayaw.
  5901 | D:6      | Reached XP level 9. HP: 79/79 MP: 8/8
  6037 | D:7      | Lost intelligence.
  6513 | D:6      | Lost intelligence.
  6606 | D:7      | Found a staircase to the Ecumenical Temple.
  6741 | D:7      | Reached skill level 7 in Axes
  7194 | D:7      | Found Ohi Qoicu's General Store.
  7200 | D:7      | Bought a +0 pair of gloves for 45 gold pieces
  7213 | D:7      | Noticed Prince Ribbit
  7224 | D:7      | Killed Prince Ribbit
  7324 | D:7      | Found a shimmering blue altar of Sif Muna.
  7435 | D:8      | Noticed Maggie
  7438 | D:8      | Reached skill level 8 in Axes
  7459 | D:8      | Killed Maggie
  7883 | D:8      | Reached skill level 9 in Axes
  7917 | D:8      | Found a shadowy altar of Dithmenos.
  7938 | D:8      | Found a shimmering altar of Xom.
  8210 | D:8      | Noticed Erica
  8225 | D:8      | Killed Erica
  8226 | D:8      | Reached XP level 10. HP: 89/91 MP: 9/9
  8571 | Temple   | Entered the Ecumenical Temple
  8810 | Temple   | Became a worshipper of Warmaster Okawaru
 10177 | D:9      | Noticed Joseph
 10193 | D:9      | Killed Joseph
 10194 | D:9      | Reached skill level 10 in Axes
 10347 | D:9      | Reached * piety under Okawaru
 10632 | D:9      | Reached skill level 11 in Axes
 10667 | D:9      | Reached ** piety under Okawaru
 11389 | D:9      | Found a staircase to the Lair.
 11566 | D:10     | Entered Level 10 of the Dungeon
 11615 | D:10     | Reached skill level 10 in Fighting
 11653 | D:10     | Reached skill level 10 in Armour
 11653 | D:10     | Reached skill level 10 in Shields
 11760 | D:10     | Noticed a two-headed ogre
 11767 | D:10     | Killed a two-headed ogre
 11768 | D:10     | Reached XP level 11. HP: 81/99 MP: 10/10
 11980 | D:10     | Reached *** piety under Okawaru
 12127 | D:10     | Found a sacrificial altar of Ru.
 13025 | D:11     | Noticed a green ugly thing
 13033 | D:11     | Killed a green ugly thing
 13093 | D:11     | Reached skill level 12 in Axes
 13207 | D:11     | Reached **** piety under Okawaru
 13243 | D:11     | Noticed a two-headed ogre
 13256 | D:11     | Killed a two-headed ogre
 13544 | D:11     | Found a staircase to the Orcish Mines.
 14644 | Lair:1   | Entered Level 1 of the Lair of Beasts
 14727 | Lair:1   | Reached skill level 13 in Axes
 14829 | Lair:1   | Noticed a boulder beetle
 14844 | Lair:1   | Killed a boulder beetle
 14844 | Lair:1   | Reached ***** piety under Okawaru
 14914 | Lair:1   | Reached XP level 12. HP: 88/110 MP: 11/11
 15158 | Lair:1   | Noticed Gastronok
 15170 | Lair:1   | Killed Gastronok
 15386 | Lair:1   | Reached skill level 14 in Axes
 16037 | Lair:2   | Identified the +3 scale mail of the Lich-sworn {Dex+6}
                  | (Okawaru gifted it to you on level 2 of the Lair of Beasts)
 16037 | Lair:2   | Received a gift from Okawaru
 16778 | Lair:2   | Noticed Nergalle
 16788 | Lair:2   | Killed Nergalle
 16929 | Lair:2   | Reached skill level 15 in Axes
 17041 | Lair:2   | Noticed Fannar
 17077 | Lair:2   | Killed Fannar
 17471 | Lair:2   | Noticed Urug
 17482 | Lair:2   | Killed Urug
 17897 | Lair:3   | Found a hole to the Spider Nest.
 18114 | Lair:3   | Noticed a seven-headed hydra
 18127 | Lair:3   | Reached ****** piety under Okawaru
 18129 | Lair:3   | Reached XP level 13. HP: 107/119 MP: 12/12
 18637 | Lair:3   | Received a gift from Okawaru
 18815 | Lair:3   | Reached skill level 16 in Axes
 19212 | Lair:3   | Found a runed translucent door.
 19213 | Lair:3   | Noticed SgtHiss's ghost (journeyman NaFi)
 19323 | Lair:3   | Found a staircase to the Shoals.
 19534 | Lair:4   | Received a gift from Okawaru
 20597 | Lair:4   | Identified the +11 demon blade of a Labyrinth {freeze,
                  | +Blink rPois rF- rC++} (Okawaru gifted it to you on level 4
                  | of the Lair of Beasts)
 20597 | Lair:4   | Received a gift from Okawaru
 21174 | Lair:4   | Found a staircase to the Slime Pits.
 21742 | Lair:5   | Entered Level 5 of the Lair of Beasts
 21846 | Lair:4   | Reached XP level 14. HP: 107/132 MP: 13/13
 21936 | Lair:5   | Received a gift from Okawaru
 22061 | Lair:5   | Reached skill level 17 in Axes
 23180 | Lair:5   | Received a gift from Okawaru
 23209 | Lair:5   | Identified the +7 falchion of Vauplal {antimagic, rF+ rC+
                  | Str+3}
 23693 | Lair:5   | Found a large runed translucent door.
 23738 | Lair:5   | Identified the +0 ring mail "Esulegg" {rPois rF+ Will+++
                  | Str-5} (Okawaru gifted it to you on level 5 of the Lair of
                  | Beasts)
 23738 | Lair:5   | Received a gift from Okawaru
 23858 | Lair:5   | Found a large runed translucent door.
 24167 | Lair:5   | Noticed Sonja
 24192 | Lair:5   | Killed Sonja
 25066 | Orc:1    | Entered Level 1 of the Orcish Mines
 25342 | Orc:1    | Found Leedossoh's Armour Boutique.
 25397 | Orc:1    | Bought the +0 mask of the Dragon {Will+ Slay+3 SInv} for
                  | 534 gold pieces
 25397 | Orc:1    | Found the +0 mask of the Dragon {Will+ Slay+3 SInv}
 25402 | Orc:1    | Identified a scroll of acquirement
 25984 | Orc:2    | Entered Level 2 of the Orcish Mines
 26408 | Orc:2    | Reached skill level 15 in Fighting
 26408 | Orc:2    | Reached skill level 15 in Armour
 26408 | Orc:2    | Reached skill level 15 in Shields
 27341 | Orc:1    | Reached skill level 18 in Axes
 27664 | Orc:2    | Reached XP level 15. HP: 141/141 MP: 14/14
 27690 | Orc:2    | Found Idolah's Assorted Antiques.
 27714 | Orc:2    | Bought a scroll labelled MUETUSTUJU for 36 gold pieces
 27714 | Orc:2    | Bought a runed war axe for 234 gold pieces
 27837 | Orc:2    | Found a staircase to the Elven Halls.
 28076 | Orc:2    | Found Hiaptamu's General Store.
 28076 | Orc:2    | Found Qesajah's Weapon Shoppe.
 28076 | Orc:2    | Found Wumoul's Armour Shoppe.
 28076 | Orc:2    | Found Naddant's General Store.
 28207 | Orc:2    | Bought a +3 scale mail of poison resistance for 391 gold
                  | pieces
 28590 | D:12     | Noticed Jorgrun
 28598 | D:12     | Killed Jorgrun
 28598 | D:12     | Identified the +8 hand axe of Ascent {venom, Fragile Str+7
                  | Int-3 Stlth+} (Okawaru gifted it to you on level 12 of the
                  | Dungeon)
 28598 | D:12     | Received a gift from Okawaru
 28996 | D:12     | Found Turghipsa's Armour Shoppe.
 29133 | D:12     | Found Vuxtyats's Antique Armour Shoppe.
 29337 | D:12     | Found Quobusem's Assorted Antiques.
 29406 | D:12     | Found Busiagiu's Antique Armour Shop.
 29669 | D:13     | Found Wiop Wick's Magic Scroll Shoppe.
 30168 | D:13     | Found Dorchil's Antique Armour Shoppe.
 30855 | D:14     | Found a large runed translucent door.
 30855 | D:14     | Found a large runed translucent door.
 30863 | D:14     | Noticed Alirepe's ghost (journeyman DsAr)
 31001 | D:14     | Identified the +4 ice dragon scales "Bawnius" {rF- rC++
                  | Str+4 Dex+4} (Okawaru gifted it to you on level 14 of the
                  | Dungeon)
 31001 | D:14     | Received a gift from Okawaru
 31524 | D:14     | You fall into a shaft and drop 1 floor!
 31524 | D:15     | Entered Level 15 of the Dungeon
 32018 | D:14     | Killed Alirepe's ghost
 32234 | D:14     | Got the Atlas of Enchantment
 32299 | D:14     | Found a gate to the Vaults.
 32805 | D:15     | Reached skill level 19 in Axes
 33001 | D:15     | Found a basalt altar of Yredelemnul.
 33546 | D:15     | Noticed Agnes
 33583 | Abyss:3  | Cast into level 3 of the Abyss (Agnes)
 33747 | Abyss:3  | Found a corrupted altar of Lugonu.
 33760 | Abyss:3  | Reached XP level 16. HP: 63/154 MP: 15/15
 33806 | Abyss:3  | Identified the +3 falchion of Dominance {antimagic, rF+
                  | Int-4 Dex+3} (Okawaru gifted it to you on level 3 of the
                  | Abyss)
 33806 | Abyss:3  | Received a gift from Okawaru
 33849 | Abyss:3  | Noticed a tentacled starspawn
 33938 | Abyss:3  | Slain by a large abomination

Illustrated notes

Levels and vault maps discovered:
D:1:      amcnicky_arrival_feature_with_door, layout_basic,
          shapermc_ecumenical_altar_totnotflames
D:2:      layout_loops_ring, st_stairs_5
D:3:      layout_basic, mainiacjoe_overflow_concentric_impassable,
          grunt_gozag_breadcrumbs
D:4:      layout_gridville
D:5:      layout_basic, overflow_temple_1_default, uniq_menkaure
D:6:      layout_cave_pools, lemuel_tele_altar, serial_gnoll_camp,
          gnoll_camp_mini_house, gnoll_camp_mini_loothouse,
          gnoll_camp_mini_shop, gnoll_camp_mini_basic, minmay_manual_mail
D:7:      layout_basic, kennysheep_mini, minmay_temple_entry_mist, serial_glass,
          glass_columns_c, glass_columns_a, item_on_display_a,
          item_on_display_a, item_on_display_a, item_on_display_a, serial_shops,
          shop, grunt_decor_arrowhead, uniq_prince_ribbit1
D:8:      layout_basic, brannock_xom_greatest_gift,
          nicolae_dithmenos_shadow_blocks, st_stairs_7, minmay_small_thing,
          uniq_erica, uniq_maggie
D:9:      layout_basic, grunt_lair_entry_orc_guard_hut, uniq_joseph
D:10:     layout_long_grid, mainiacjoe_overflow_catwalk
D:11:     layout_basic, zombieorc2_lemuel
D:12:     minmay_spotlight, layout_long_grid, special_room [special_room_orc],
          serial_shops, shop_coins, nicolae_shop_statue_plus,
          nicolae_shop_overgrown_old_shop, nicolae_shop_crystal,
          nicolae_elevator_lobby_plus, uniq_jorgrun
D:13:     layout_loops_ring, serial_shops, nicolae_shop_hallway_stairs,
          nicolae_shop_stone
D:14:     layout_loops_ring, lightli_vaults_fourway_checkpoint,
          chequers_arboretum, ebering_ghost_disaster_area
D:15:     gammafunk_depths_entry_grave, layout_basic, yredelemnul_altar_generic,
          uniq_agnes
Temple:   nicolae_temple_great_sept
Lair:1:   layout_cave_pods, uniq_gastronok
Lair:2:   layout_small_grid, uniq_fannar, uniq_urug, uniq_nergalle
Lair:3:   nzn_winding_woodlands_small [nzn_winding_woodlands_5x15_zeroes,
          nzn_winding_woodlands_center_garden,
          nzn_winding_woodlands_5x15_split_checker], layout_small_grid,
          elwin_shoals_entry_rooms, spider_nest_entry_webs,
          gammafunk_ghost_grave
Lair:4:   layout_loops_ring, minmay_slime_entry_pillars, special_room
          [special_room_mythical_zoo], kennysheep_basilisk_garden
Lair:5:   cheibrodos_lair_end_hotspot, layout_cave_pods,
          infiniplex_staircase_pool, uniq_sonja
Orc:1:    layout_caves, serial_shops, shop_coins, basic_altar,
          nicolae_orc_rich_vein
Orc:2:    st_orc_ogre_mass, layout_caves, serial_shops, shop, bh_open_orc_temple
Abyss:3:  base: D:4, base: Temple, evilmike_abyss_exit_glass,
          gammafunk_abyss_exit_x_factor, hangedman_abyss_rune_macabre_mess

Skill      XL: |  1  2  3  4  5  6  7  8  9 10 11 12 13 14 15 |
---------------+----------------------------------------------+-----
Shields        | 4 5 6 7 9 10 11 12 14 15 16 | 16.8
Fighting       | 4 5 6 7 9 10 11 12 14 15 16 | 16.9
Armour         | 4 5 6 7 9 10 11 12 14 15 16 | 16.9
Long Blades    | 3 4 5 |  5.2
Axes           | 3 6 9 11 13 15 16 18 19 | 19.3

Action                   |  1- 3 |  4- 6 |  7- 9 | 10-12 | 13-15 | 16-18 || total
-------------------------+-------+-------+-------+-------+-------+-------++-------
Melee: Long sword        |   114 |    52 |       |       |       |       ||   166
       Headbutt          |    11 |    10 |    25 |   155 |   368 |    11 ||   580
       Hand axe          |       |    21 |   188 |   606 |  1223 |    39 ||  2077
       Scimitar          |       |       |       |       |    26 |       ||    26
  Use: Scroll            |       |     7 |     3 |     7 |    11 |       ||    28
       Potion            |       |     3 |     6 |       |     4 |     1 ||    14
Armor: Scale mail        |    58 |     6 |       |       |       |       ||    64
       Chain mail        |       |    27 |   110 |   244 |   457 |    15 ||   853
Dodge: Dodged            |    42 |    28 |    98 |   178 |   414 |    16 ||   776
Block: Buckler           |    11 |    13 |    54 |   140 |   310 |    15 ||   543
